Workbook
Name _sch1: #REF!
Name _sch1: #REF!
Name _sch2: #REF!
Name _sch2: #REF!
Name cec: #REF!
Name cec: #REF!
Name cpa: #REF!
Name cpa: #REF!
Name GRAPH: [1]A!$C$9:$L$52
Name Items_01: #REF!
Name Items_01: #REF!
Name letter: #REF!
Name letter: #REF!
Name mos: #REF!
Name mos: #REF!
Name Old: [3]SCHED3!$A$1:$H$301
Name SCHED1: #REF!
Name SCHED1: #REF!
Name SCHED2: #REF!
Name SCHED2: #REF!
Name SCHED3: #REF!
Name SCHED3: #REF!
Name SCHED3.2: #REF!
Name SCHED3.2: #REF!
Name SCHED3.3: #REF!
Name SCHED3.3: #REF!
Name SCHED3.4: #REF!
Name SCHED3.4: #REF!
Name SCHED3.5: #REF!
Name SCHED3.5: #REF!
Name SCHED3.6: #REF!
Name SCHED3.6: #REF!
Name SCHED3.7: #REF!
Name SCHED3.7: #REF!
Name SCHED3.8: #REF!
Name SCHED3.8: #REF!
Name SCHED4: #REF!
Name SCHED4: #REF!
Name SCHED5: #REF!
Name SCHED5: #REF!
Name SCHED6: #REF!
Name summary: #REF!
Name summary: #REF!
Name vosum: #REF!
Name vosum: #REF!

Sheet Section A GENERAL ITEMS
A1: Item No | C1: Description | D1: Unit | E1: Quantity | F1: Rate | G1: Amount
B2: SANS 1200 A | C2: SECTION A : PRELIMINARY AND GENERAL ITEMS
A4: A1 | B4: 8.3.1 | C4: Contractual requirements | D4: sum | E4: 1
A6: A2 | B6: 8.3.2 | C6: Establishment of facilities on the site
B7: 8.3.2.1 | C7: Facilities for Engineer
C8: a. Furnished offices (2 No.) | D8: sum | E8: 1
C10: b. Telephone | D10: sum | E10: 1
C12: c. Nameboards (2 No.) | D12: sum | E12: 1
I13: Accommodation and buildings e(.g. offices, laboratories, stores) for use by and identified by the Contractor
A14: A3 | B14: 8.3.2.2 | C14: Facilities for contractor | H14: =G8+G10+G12+G15+G17+G19+G21+G23+G25+G27+G29+G31 -> 0 | J14: sum | K14: 1 | L14: 800000 | M14: =ROUND(K14*L14,2) -> 800000
C15: a. Offices and storage sheds | D15: sum | E15: 1 | J15: sum | K15: 1 | M15: =ROUND(K15*L15,2) -> 0
J16: sum | K16: 1 | M16: =ROUND(K16*L16,2) -> 0
C17: b. Workshops | D17: sum | E17: 1 | J17: sum | K17: 1 | M17: =ROUND(K17*L17,2) -> 0
C19: c. Laboratories | D19: sum | E19: 1
C21: d. Living accommodation | D21: sum | E21: 1
C23: e. Ablution and latrine facilities | D23: sum | E23: 1
C25: f. Tools and equipment | D25: sum | E25: 1
C27: e. Water supplies, electric power and communications | D27: sum | E27: 1
C29: h. Dealing with water | D29: sum | E29: 1
C31: i. Access | D31: sum | E31: 1
A33: A3 | B33: 8.3.3 | C33: Other fixed -charge obligations | D33: sum | E33: 1
A34: A3.1 | B34: 8.3.3 | C34: Health and Safety (OHS Obligation)
C35: a. Provision of health and Safety according to the latest OHS and | D35: sum | E35: 1
C36: construction regulations 2014
A38: A3.2 | B38: 8.3.3 | C38: Complying with enviromental requirements (Provisional) | D38: sum | E38: 1
A40: A4 | B40: 8.3.4 | C40: Removal of site establishment | D40: sum | E40: 1
A42: A5 | B42: PSA 8.3.5 | C42: (i) Provision for total de-establishment and re-establishment within | D42: Prov sum | E42: 1
C43: 12 months at the instruction of the Engineer
A45: A6 | B45: 8.4 | C45: Scheduled time-related items
A46: A6.1 | B46: 8.4.1 | C46: Contractual requirements | D46: sum | E46: 1
A48: A6.2 | B48: 8.4.2 | C48: Operation and maintenance of facilities on site, for the duration
C49: of construction, except where otherwise stated
A50: A6.2.1 | B50: 8.4.2.1 | C50: Facilities for Engineer
A51: A6.2.1.1 | C51: a. Furnished offices (2 No.) | D51: sum | E51: 1
A53: A6.2.1.2 | C53: b. Telephone | D53: sum | E53: 1
A55: A6.2.1.3 | C55: c. Nameboards (2 No.) | D55: sum | E55: 1
A57: A6.2.1.4 | C57: d. Survey assistants and materials | D57: sum | E57: 1
A59: A6.2.2 | B59: 8.4.2.2 | C59: Facilities for contractor
A60: A6.2.2.1 | C60: a. Offices and storage sheds | D60: sum | E60: 1
A62: A6.2.2.2 | C62: b. Workshops | D62: sum | E62: 1
A64: A6.2.2.3 | C64: c. Laboratories | D64: sum | E64: 1
A66: A6.2.2.4 | C66: d. Living accommodation | D66: sum | E66: 1
F70: Carried Forward | G70: =SUM(G2:G69) -> 0
A71: Item No | C71: Description | D71: Unit | E71: Quantity | F71: Rate | G71: Amount
F72: Brought Forward | G72: =G70 -> 0
A74: A6.2.2.5 | C74: e. Ablution and latrine facilities | D74: sum | E74: 1
A76: A6.2.2.6 | C76: f. Tools and equipment | D76: sum | E76: 1
A78: A6.2.2.7 | C78: e. Water supplies, electric power and communications | D78: sum | E78: 1
A80: A6.2.2.8 | C80: h. Dealing with water | D80: sum | E80: 1
A82: A6.2.2.9 | C82: i. Access | D82: sum | E82: 1
A84: A6.3 | B84: 8.4.3 | C84: Supervision for duration of construction
A85: A6.3.1 | C85: a. Construction manager | D85: sum | E85: 1
A87: A6.3.2 | C87: b. Site Agent | D87: sum | E87: 1
A89: A6.3.3 | C89: c. Supervisory staff other than those identified in 6. to 3.3 | D89: sum | E89: 1
A91: A6.3.4 | C91: d. Support staff not included in other sections of the Price List | D91: sum | E91: 1
C92: or items 3.1 to 3.4
A94: A6.4 | B94: 8.4.4 | C94: Company and head office overhead costs for the duration of the contract | D94: sum | E94: 1
A96: A6.5 | B96: 8.4.5 | C96: Other time -related obligations | D96: Prov sum | E96: 1
A98: A6.6 | B98: 8.85 | C98: Cost of survey in terms of the land survey act | D98: sum | E98: 1
A100: A6.7 | C100: Equipment identified by the Contractor and not included in | D100: sum | E100: 1
C101: other sections or included elsewhere
A103: A6.8 | B103: 8.8 | C103: Temporary works identified by the Contractor | D103: sum | E103: 1
A105: A6.9 | C105: Other method related charges identified by the Contractor and | D105: Prov sum | E105: 1
C106: not included elsewhere
A108: A6.10 | B108: 8.5 b | C108: Health and safety
A109: A6.10.1 | C109: a. Health and safety compliance services | D109: sum | E109: 1
A111: A6.10.2 | C111: b. Health and safety equipment and facilities | D111: sum | E111: 1
A113: A6.10.3 | C113: c. Other identified by the Contractor | D113: Prov. sum | E113: 1
A115: A6.11 | B115: 8.5 | C115: Enviromental Requirements
A116: A6.11.1 | C116: Complying with enviromental requirements (Provisional) | D116: sum | E116: 1
A118: A6.12 | C118: Provisional sums
A119: A6.12.1 | C119: Control tests ordered by the engineer | D119: Prov Sum | E119: 1
A121: A6.13 | B121: 8.8.6 | C121: Special water control in terms of project specifications | D121: Prov Sum | E121: 1
A140: Section Total carried to Summary | G140: =SUM(G72:G139) -> 0 | H140: =G140-#REF! -> #REF! | I140: =#REF!/G140 -> #REF!

Sheet Section B - Water Reticulation.
A1: Item No | C1: Description | D1: Unit | E1: Quantity | F1: Rate | G1: Amount
C2: SECTION B : WATER RETICULATION
A4: B1 | B4: SANS 1200C | C4: SITE CLEARANCE
A5: B1.1 | B5: 8.2.1 | C5: Clear and grub pipeline routes 2m wide including removal of | D5: m | E5: 1486
C6: trees of girth less than 1m and dispose at an approved
C7: dumping site (not applicable where trenching is situated
C8: within road fill or road excavation)
A9: B1.2 | B9: 8.2.2 | C9: Remove and grub large trees and tree stumps of girth:
A10: B1.2.1 | C10: a. Over 1m and up to and including 2m | D10: No | E10: 1
A11: B1.2.2 | C11: b. Over 2m and up to and including 3m | D11: No | E11: 1
A12: B1.2.3 | C12: c. Over 3m and up to and including 4m | D12: No | E12: 1
A14: B1.3 | B14: PSC 8.2.5 | C14: Carefully remove block paving and store for re-use | D14: m² | E14: 120
A15: B1.4 | B15: PSC 8.2.6 | C15: Saw cut existing asphalt pavement, demolish and dispose | D15: m | E15: 0
C16: at an approved dumping site
A17: B1.5 | B17: PSC 8.2.7 | C17: Reinstatement of existing pavements up to a depth
C18: of 550mm for surfaces:
A19: B1.5.1 | C19: a. 50mm thick continuously graded asphalt | D19: m² | E19: 45
A20: B1.5.2 | C20: b. Interlocking block paving with a thickness up to and | D20: m² | E20: 68
C21: including 100mm
A23: B1.6 | B23: PSC 8.2.8 | C23: Demolish and remove structures/buildings | D23: Sum | E23: 1
A24: B1.7 | B24: 8.2.9 | C24: Transport materials and debris to unspecified sites | D24: m³.km | E24: 200
C25: and dump
A26: B1.8 | B26: 8.2.10 | C26: Remove topsoil to nominal depth of 150mm and stockpile | D26: m³ | E26: 45 | I26: =E5*2*0.015 -> 44.58
A27: B1.9 | B27: PSC 8.2.9 | C27: Take down existing wire mesh fence and reinstate | D27: m | E27: 25
A29: B2 | B29: SANS 1200DB | C29: EARTHWORKS
A30: B2.1 | B30: 8.2.3 | C30: Remove 2m wide strip of topsoil for pipe trench to a | D30: m³ | E30: 60
C31: nominal depth of 150mm, stockpile and maintain (not
C32: applicable where trenching is situated within road fill or
C33: road excavation)
A34: B2.2 | B34: 8.3.2 (a) | C34: Excavate by hand in soft material to expose existing services and for connection to existing water lines | D34: m³ | E34: 240
A36: B2.3 | B36: 8.3.2 (a) | C36: Dealing with existing services that intersect pipe trenches | D36: m³ | E36: 150
A38: B2.4 | B38: 8.3.2 (a) | C38: Restricted excavation:
A39: B2.4.1 | C39: Excavate in all materials up to and including 2,5m depth
C40: for:
A41: B2.4.1.1 | C41: a. Concrete supports and thrust / anchor blocks | D41: m³ | E41: 24
A42: B2.4.1.2 | C42: b. Isolation valves | D42: m³ | E42: 12
A43: B2.5 | B43: 8.3.2 (b) | C43: Extra-over for Items B2.2 to B2.4 for excavation of: | E43: 36
A44: B2.5.1 | C44: a. Intermediate material | D44: m³ | E44: 540
A45: B2.5.2 | C45: b. Hard rock material | D45: m³ | E45: 160
A46: B2.6 | B46: 8.3.2 (c) | C46: Haulage for disposing of surplus material to an approved
C47: dumping site or as instructed by the Engineer
A48: B2.6.1 | C48: a. Short haul (0.5 to 1.0km) | D48: m³ | E48: 400
A49: B2.6.2 | C49: b. Overhaul exceeding 1.0km | D49: m³.km | E49: 200
A51: B3 | B51: SANS 1200DB | C51: EARTHWORKS (PIPE TRENCHES)
A52: B3.1 | B52: 8.3.2 (a) | C52: Excavate in all materials up to 2.5m deep, use for backfill | D52: m³ | E52: 850
C53: and compact to 95% Mod. AASHTO maximum density at
C54: O.M.C. and dispose of excess material as directed for all
C55: diameter pipelines
A56: B3.2 | B56: 8.3.2 (b) | C56: Extra-over for Item B3.1 for excavations deeper than | D56: m³ | E56: 300
C57: 2.5m and up to 5m
A58: B3.3 | B58: 8.3.2 (b) | C58: Extra-over for Items B3.1 to B3.2 for excavation of:
A59: B3.3.1 | B59: 8.3.2 (b) | C59: Intermediate material | D59: m³ | E59: 85
A60: B3.3.2 | B60: 8.3.2 (b) | C60: Hard rock material | D60: m³ | E60: 520
A61: B3.4 | B61: 8.3.2 (b) | C61: Extra-over for Items B3.1 to B3.2 for treatment by | D61: m³ | E61: 5650
C62: screening of excavated material for use as backfill to
C63: pipe trenches
A65: B3.5 | B65: 8.3.2 (b) | C65: Extra-over for Items B3.1 to B3.2 for compaction in road | D65: m³ | E65: 1200
C66: reserves to road specifications for pipes regardless
C67: of diameter
F70: Carried Forward | G70: =SUM(G5:G69) -> 0
A71: Item No | C71: Description | D71: Unit | E71: Quantity | F71: Rate | G71: Amount
F72: Brought Forward | G72: =G70 -> 0
A74: B3.6 | B74: 8.3.2 (b) | C74: Extra-over for Item B3.1 for making up deficiency in backfill | D74: m³ | E74: 320
C75: material by importing G7 material from commercial
C76: sources, backfill and compact to 95% Mod. AASHTO
C77: maximum density at O.M.C.
A79: B3.7 | B79: 8.3.2 (b) | C79: Excavation in hard rock where the use of explosives | D79: m³ | E79: 500
C80: is prohibited
A81: B3.8 | B81: 8.3.2 (c) | C81: Haulage for disposing of surplus material to an approved
C82: dumping site or as instructed by the Engineer
A83: B3.8.1 | C83: a) Short haul (0.5 to 1.0km) (Provisional) | D83: m³ | E83: 240
A85: B3.8.2 | C85: b) Overhaul exceeding 1.0km (Provisional) | D85: m³.km | E85: 1000
A87: B3.9 | B87: 8.3.3 | C87: Excavation Ancillaries
A89: B3.9.1 | B89: 8.3.3.1 | C89: Import backfill material from designated borrow pits
C90: (Provisional) | D90: m³ | E90: 120
A92: B3.9.2 | B92: 8.3.3.2 | C92: Opening up and closing down of designated borrow pit | D92: ha | E92: 10
A94: B3.9.3 | B94: 8.3.3.3 | C94: Compaction in road reserve | D94: m³ | E94: 500
A96: B 3.10 | B96: 8.3.3.4 | C96: Overhaul
A97: B 3.10.1 | C97: a) Short haul (0.5 to 1.0km) (Provisional) | D97: m³ | E97: 300
A99: B 3.10.2 | C99: b) Overhaul exceeding 1.0km (Provisional) | D99: m³.km | E99: 500
A101: B 3.11 | B101: 8.3.4a | C101: Shore trench opposite structure or service | D101: m | E101: 100
A103: B 3.12 | B103: PSC8.3.4b) | C103: Excavation of the pipe jacking launch pits | D103: m³ | E103: 8
A105: B 3.13 | C105: Existing services that intersect or adjoin a pipe trench
A107: B 3.13.1 | B107: 8.3.5a | C107: a) Services that intersect a trench | D107: no | E107: 10
A109: B 3.13.2 | B109: 8.3.5b | C109: b) Services that adjoin a trench | D109: m | E109: 60
A111: B 3.14 | B111: 8.3.6 | C111: Reinstate road surfaces complete with all courses
A112: B 3.14.1 | B112: 8.3.6.1a | C112: a) Gravel on shoulders | D112: m² | E112: 20
A114: B 3.14.2 | B114: 8.3.6.1b | C114: b) Asphalt of thickness 40mm in parking area | D114: m² | E114: 20
A116: B 3.14.3 | B116: 8.3.6.1c | C116: c) Asphalt of thickness 40mm in roadway | D116: m² | E116: 20
A118: B 3.15 | B118: 8.3.7 | C118: Accommodation of traffic | D118: Sum | E118: 1
A120: B 4 | B120: SANS | C120: BEDDING (PIPES)
B121: 1200LB
A122: B 4.1 | B122: 8.2.1 | C122: Provision of bedding from trench excavation
A123: B 4.1.1 | C123: a) Selected granular material | D123: m³ | E123: 190
A125: B 4.1.2 | C125: b) Selected fill material | D125: m³ | E125: 415
A127: B 4.2 | B127: 8.2.2 | C127: Supply only of bedding by importation
A128: B 4.2.1 | B128: 8.2.2.1 | C128: From other necessary excavations (Provisional)
A129: B 4.2.1.1 | C129: a) Selected granular material | D129: m³ | E129: 16
A131: B 4.2.1.2 | C131: b) Selected fill material | D131: m³ | E131: 16
A133: B 4.2.2 | B133: 8.2.2.2 | C133: From borrow pits (Provisional)
...

Sheet Section C - Reservoir 
A2: GOVAN MBEKI LOCAL MUNICIPALITY
A3: Kinross Ext 33 Existing Concrete Reservoir Repair
A7: ITEM | B7: PAYMENT | C7: DESCRIPTION | E7: UNIT | F7: Qty | G7: RATE | H7: AMOUNT | I7: CERTIFIED QUANTITIES | L7: CERTIFIED AMOUNT
A8: NO. | B8: REF | I8: PREVIOUS | J8: CURRENT | K8: TOTAL
B9: SABS
A10: 3.1 | B10: 1200C | C10: SITE CLEARANCE
A12: 3.1.1 | B12: 8.2.3 | C12: Remove and grub all grass, trees and tree stumps regardless of girth | E12: ha | F12: 0.25
B14: SABS
A15: 3.2 | B15: 1200D | C15: BULK EXCAVATION
A17: 3.2.1 | B17: 8.3.2a) | C17: Excavate in all materials and dispose
C19: of surplus materials.
C20: a) | D20: Up to 1,5m deep | E20: m³ | F20: 2 | I20: 3 | K20: =J20+I20 -> 3 | L20: =G20*K20 -> 0
C22: b) | D22: Over 1,5 up to 3m deep | E22: m³ | F22: 3 | I22: 2 | K22: =J22+I22 -> 2 | L22: =G22*K22 -> 0
A24: 3.2.2 | B24: 8.3.2b) | C24: Extra-over item 2.2.1 for
C25: 1) | D25: Intermediate excavation (Provisional) | E25: m³ | F25: 2 | I25: 2 | K25: =J25+I25 -> 2 | L25: =G25*K25 -> 0
C27: 2) | D27: Hard rock excavation (Provisional) | E27: m³ | F27: 2 | I27: 2 | K27: =J27+I27 -> 2 | L27: =G27*K27 -> 0
A29: 3.2.3 | B29: 8.3.3 | C29: Restricted Excavation
C30: a) | D30: Excavate for restricted foundations, footings and use for backfill. | E30: m³ | F30: 3 | I30: 0 | K30: =J30+I30 -> 0 | L30: =G30*K30 -> 0
C32: b) | D32: Extra over for Intermediate Excavation | E32: m³ | F32: 2 | I32: 0 | K32: =J32+I32 -> 0 | L32: =G32*K32 -> 0
B34: SABS
A35: 3.3 | B35: 1200G | C35: CONCRETE (STRUCTURAL)
A37: 3.3.1 | B37: 8.2.1 | C37: Rough formwork (Rates to include all scafolding supports) | E37: m² | F37: 24 | I37: 0 | K37: =J37+I37 -> 0 | L37: =G37*K37 -> 0
B39: 8.2.2 | C39: Smooth formwork (Rates to include all scafolding supports) | E39: m² | F39: 20 | I39: 0 | K39: =J39+I39 -> 0 | L39: =G39*K39 -> 0
A41: 3.3.2 | B41: 8.3.1 | C41: Steel Bars
C42: The rate includes the supply and placing, no allowance will be made for cuting, waste, space devices or biring wire.
C44: 1. High tensile bars | E44: ton | F44: 0.5 | I44: 0 | K44: =J44+I44 -> 0 | L44: =G44*K44 -> 0
C46: 2. Mild bars | E46: ton | F46: 0.2 | I46: 0 | K46: =J46+I46 -> 0 | L46: =G46*K46 -> 0
H48: =SUM(H12:H47) -> 0 | L48: =SUM(L12:L47) -> 0
A50: ITEM | B50: PAYMENT | C50: DESCRIPTION | E50: UNIT | F50: Qty | G50: RATE | H50: AMOUNT | I50: CERTIFIED QUANTITIES | L50: CERTIFIED AMOUNT
A51: NO. | B51: REF | I51: PREVIOUS | J51: CURRENT | K51: TOTAL
B52: Brought Forward | H52: =H48 -> 0 | L52: =L48 -> 0
A54: 3.4 | C54: Waterproofing
A56: 3.4.1 | B56: B8.3.2 | C56: Sealing of joints with polysulphide compound | E56: m | F56: 149
A58: 3.4.2 | C58: Diamond grinding to interior surfaces of walls, slab and column encasements in order to remove existing waterproof coatings and the soft carbonated , micro-cracked layer of underlying concrete. | E58: m² | F58: 1950
A60: 3.4.3 | C60: Cracks repair via high pressure epoxy injection using Sikadur 52ZA, including all application nipples, crack surface filling and application equipment. (Quantity based on 30m long crack estimated at being 100mm deep and 1mm wide). | E60: ℓt | F60: 118
A62: 3.4.4 | C62: Repair spalls using a fibre reinforced repair mortar like Sika Monotop 612, including Sika Armatec 110 Epocem anti-corrosion coating and bond coat. (Quantity based on 3.1m² of repair and estimated at an average 0f 30mm deep). | E62: ℓt | F62: 250
A64: 3.4.5 | C64: Use Sikagard 720 Epocem to replace the replaced deficient layer of concrete. Applied at 2mm thick. | E64: m² | F64: 1250
A66: 3.4.6 | C66: Apply Sikagard 62N Epoxy lining system, including the application of Sikafloor 161 Primmer and 2 coats of the Sikagard 62N, allowing to dry between coats. | E66: m² | F66: 306
A68: 3.4.7 | C68: Application of 250mm flexiband with contact adhesive | E68: m | F68: 224
A70: 3.5 | B70: SABS | C70: STRUCTURAL STEELWORK
B71: 1200H
A73: 3.5.1 | B73: 8.3.1.2 | C73: Supply and fabrication of steel work
A75: 3.5.2 | C75: (a) Supply, fabrication and erection of ladders for inspection /access complete with pedestal. See drawing number 167/2015/CR-LA/01 | E75: No | F75: 1
A77: 3.6 | B77: SABS | C77: Provision of the following galvanised steel pipes and fittings
B78: 1200 LD
A80: 3.6.1 | C80: (a) | D80: Drop down testing before and after fixing the concrete reservoir. | E80: No. | F80: 1
A82: 3.6.2 | C82: (b) | D82: Water Level indicator | E82: No. | F82: 1
A84: 3.7 | B84: B8.3.2 | C84: Fixing of existing fence (45m length x 2.4m height. | E84: Prov. Sum | F84: 1
A91: TOTAL SECTION CARRIED FORWARD TO SUMMARY: | G91: =SUM(H52:H90) -> 0 | K91: =SUM(L52:L90) -> 0

Sheet Section D - Elevated tanks
A1: Item No | C1: Description | D1: Unit | E1: Quantity | F1: Rate | G1: Amount
C2: SECTION B : WATER RETICULATION
A3: C | C3: SECTION C : STEEL TANK
A5: C11 | B5: SANS | C5: STEEL TANK
A6: C11.1 | B6: 1200C | C6: SITE CLEARANCE
A8: C11.1.1 | B8: 8.2.1 | C8: Clear and Grub
C9: a) Clear and grub around proposed tank location | D9: ha | E9: 0.2
A11: C11.2 | B11: 1200DA | C11: EARTHWORKS
A13: C11.2.1 | B13: 8.3.1 | C13: Excavations
C14: a) Excavate in all materials and use for embankment | D14: m³ | E14: 460
C15: or bankfill or dispose
C17: b) Extra over for:
C18: i. Intermediate Excavation | D18: m³ | E18: 320
C20: ii. Hard rock excavation | D20: m³ | E20: 110
C22: iii. Boulders excavation, Class A | D22: m³ | E22: 20
C24: iv. Boulders excavation, Class B | D24: m³ | E24: 60
A26: C11.3 | B26: 1200G | C26: CONCRETE
A28: C11.3.1 | B28: 8.2 | C28: Formwork
A30: C11.3.1.1 | B30: 8.2.1 | C30: Rough formwork | D30: m² | E30: 120
A31: C11.3.1.2 | B31: 8.2.2 | C31: Smooth formwork | D31: m² | E31: 300
A33: C11.3.2 | B33: 8.3 | C33: Reinforcement
C34: The rate includes the supply and placing, no allowance
C35: will be made for cutting, waste, spacer devices
C36: or binding wire.
A37: C11.3.2.1 | B37: 8.3.1 | C37: a. Mild steel bars | D37: t | E37: 3
C38: b. High tensile steel bars | D38: t | E38: 6
A40: C11.3.3 | B40: 8.4 | C40: Concrete
C41: The rate includes the mixing or supply, the
C42: transportation, the placing, the vibration, the
C43: compaction and the curing
B44: 8.4.2 | C44: Blinding layer 50mm thick | D44: m² | E44: 192
B46: 8.4.3 | C46: Concrete grade
C48: a. 30 MPa concrete | D48: m² | E48: 110
C50: b. 20 MPa concrete screed | D50: m² | E50: 30
B52: 8.4.4 | C52: Unformed surface finishes
C54: a. wood-floated finishes
D55: m² | E55: 440
A56: C11.4 | C56: Sectional Steel Tank
C57: The rate includes supply, transportation, assembling
C58: and commissioning
A59: C11.4.1 | C59: a) Supply of 500 kl (10 x 8.7 x 4.9m) sectional steel tank | D59: No. | E59: 2
C60: complete with inlet pipe, outlet pipe,overflow pipe, scour
C61: pipe, ball valve,10m gavalised stand and level indicator.
A63: C11.4.2 | C63: Supply and construction of 1.80m high standard | D63: Sum | E63: 1
C64: security fence complete with posts and gate as required,
C65: to approval of the Engineer.
F69: Section Total carried to Summary | G69: =SUM(G4:G68) -> 0

Sheet Section E Sewer Reticulation
A1: Item No | B1: Payment ref | C1: Description | D1: Unit | E1: Quantity | F1: Rate | G1: Amount
B2: SANS 1200DB | C2: SECTION F: SEWER DRAINAGE
A4: D1 | C4: SITE CLEARANCE
A5: D1.1 | B5: 8.3.1 (a) | C5: Clear and grub pipeline routes 2m wide including removal of trees of
C6: girth less than 1m and dispose at an approved dumping site
C7: (not applicable where trenching is situated within road fill or
C8: road excavation).Also remove 150mm of topsoil. | D8: m | E8: 1975
A10: D1.2 | B10: 8.3.1 (b) | C10: Remove and grub large trees and tree stumps of girth:
A11: D1.2.1 | C11: a. Over 1m and up to including 2m | D11: No | E11: 1
A13: D1.2.2 | C13: b. Over 2m and up to including 3m | D13: No | E13: 1
A15: D1.2.3 | C15: c. Over 3m and up to including 4m | D15: No | E15: 1
A17: D1.3 | B17: 8.3.1 (c) | C17: Remove topsoil to depth of 100mm and stockpile | D17: m³ | E17: 400
A19: D2 | C19: EARTHWORKS
A20: D2.1 | B20: 8.3.1 (c) | C20: Remove 2m wide strip of topsoil for pipe trench excavation to a
C21: nominal depth of 150mm, stockpile and maintain (not applicable
C22: where trenching is situated within road fill or road excavation) | D22: m³ | E22: 593
A24: D2.2 | B24: 8.3.2 (a) | C24: Excavate by hand in soft material to expose existing services and
C25: for connection to existing sewer lines | D25: m³ | E25: 25
A27: D2.3 | B27: 8.3.5 (a) | C27: Dealing with existing services that intersect pipe trenches | D27: m³ | E27: 30
A29: D2.4 | B29: 8.3.2 (a) | C29: Restricted excavation:
A30: D2.4.1 | C30: Excavate in all materials up to and including 2,5m for:
A31: D2.4.1.1 | C31: Concrete supports and anchor blocks | D31: m³ | E31: 10
A33: D2.5 | B33: 8.3.2 (b) | C33: Extra-over for Items F2.2 to F2.4 for excavation of:
A34: D2.5.1 | C34: a. Intermediate material | D34: m³ | E34: 10
A36: D2.5.2 | C36: b. Hard rock material | D36: m³ | E36: 200
A38: D2.6 | B38: 8.3.3.4 | C38: Haulage for disposing of surplus material to an approved dumping
C39: site or as instructed by the Engineer
A40: D2.6.1 | C40: a. Short haul (0.5 to 1.0km) | D40: m³ | E40: 1500
A42: D2.6.2 | C42: b. Overhaul exceeding 1.0km | D42: m³.km | E42: 725
A44: D2.7 | B44: 8.3.2 (c) | C44: Excavate and dispose of unsuitable material from trench bottom
C45: (Provisional) | D45: m³ | E45: 150
A47: D3.1 | B47: 8.3.2 (a) | C47: EARTHWORKS (PIPE TRENCHES)
A48: D3.1.1 | B48: 8.3.2 (a) | C48: Excavate in all materials up use for backfill and
C49: compact to 95% Mod. AASHTO maximum density at O.M.C. or
C50: dispose of excess material as directed, for all diameter pipelines for depth of:
B51: i | C51: 0,0 - 1,0 | D51: m | E51: 64.2
B53: ii | C53: 1,0 - 2,0 | D53: m | E53: 1345
B55: iii | C55: 2,0 - 3,0 | D55: m | E55: =257+115 -> 372
B57: iv | C57: 3,0 - 4,0 | D57: m | E57: 68
B59: v | C59: 4,0 - 5,0 | D59: m | E59: 124
B61: vi | C61: Over 5,0 | D61: m | E61: 0
A63: D3.1.2 | B63: 8.3.2 (b) | C63: Extra-over for Item F3.1.1 for excavations deeper than 2.5 up to 5m | D63: m³ | E63: 312
A65: D3.2 | B65: 8.3.2 (b) | C65: Extra-over for Items F3.1.1 to F3.1.2 for excavation of:
A66: D3.2.1 | C66: a. Intermediate material | D66: m³ | E66: 50
A68: D3.2.2 | C68: b. Hard rock material | D68: m³ | E68: 20
A70: D3.3 | B70: 8.3.2 (b) | C70: Extra-over for Items F3.1.1 to F3.1.2 for treatment by screening of
C71: excavated material for use as backfill to pipe trenches | D71: m³ | E71: 53
A73: D3.4 | B73: 8.3.3.3 | C73: Extra-over for Items F3.1.1 to F3.1.2 for compaction in road
C74: reserves to road specifications for pipes regardless of diameter | D74: m³ | E74: 50
A76: D3.5 | B76: 8.3.3 | C76: Excavation ancillaries
B77: 8.3.3.1 | C77: Make up deficience in backfill material (Provisional)
B78: 8.3.3.1 (a ) | C78: a. From necessary excavations on site | D78: m³ | E78: 25
F81: Carried Forward | G81: =SUM(G6:G80) -> 0
A82: Item No | C82: Description | D82: Unit | E82: Quantity | F82: Rate | G82: Amount
F83: Brought Forward | G83: =G81 -> 0
B86: 8.3.3.1 (b ) | C86: b. By importation from a designated borrow pits | D86: m³ | E86: 150
B88: 8.3.3.1 (c ) | C88: c. Extra-over for Item F3.1.1 making up deficiency in backfill material
C89: by importing G7 material from commercial sources, backfill and
C90: compact to 95% Mod. AASHTO maximum density at O.M.C. | D90: m³ | E90: 100
A92: D3.6 | B92: 8.3.2 (b) | C92: Excavation in hard rock where the use of explosives is prohibited | D92: m³ | E92: 100
A94: D3.7 | B94: 8.3.3.4 | C94: Haulage for disposing of surplus material to an approved dumping site or as instructed by the Engineer
A95: D3.7.1 | C95: a. Short haul (0.5 to 1.0km) | D95: m³ | E95: 500
A97: D3.7.2 | C97: b. Overhaulage exceeding 1.0km | D97: m³.km | E97: 943
A99: D4 | B99: SANS 1200LB | C99: BEDDING (PIPES)
A100: D4.1 | B100: 8.2.1 | C100: Provision of bedding from trench excavation
C101: a) Selected granular material | D101: m³ | E101: 200
C103: b) Selected fill material | D103: m³ | E103: 40
A105: D4.2 | B105: 8.2.2 | C105: Supply only of bedding by importation
B106: 8.2.2.1 | C106: From other necessary excavations (Provisional)
C107: a) Selected granular material | D107: m³ | E107: 10
C109: b) Selected fill material | D109: m³ | E109: 10
A111: D4.3 | B111: 8.2.2.2 | C111: From borrow pits (Provisional)
C112: a) Selected granular material | D112: m³ | E112: 10
C114: b) Selected fill material | D114: m³ | E114: 10
A116: D4.4 | B116: 8.2.2.3 | C116: From Commercial sources (Provisional)
C117: a) Selected granular material | D117: m³ | E117: 10
C119: b) Selected fill material | D119: m³ | E119: 10
A121: D4.5 | B121: 8.2.1 | C121: Extra-over for Item F4.1 for treatment of excavated material to make
C122: it suitable for bedding of pipes by:
A123: D4.5.1 | C123: a. Screening | D123: m³ | E123: 10
A125: D4.5.2 | C125: b. Washing | D125: m³ | E125: 10
A127: D4.5.3 | C127: c. Cement Stabilization (4% cement) | D127: m³ | E127: 10
A129: D4.6 | C129: Provision of 19mm crushed stone bedding material to form a sub-
C130: drain where instructed by the Engineer; from commercial sources | D130: m³ | E130: 6
A132: D5 | B132: SANS 1200 LD | C132: PIPELINES
A133: D5.1 | B133: 8.2.1 | C133: Supply, Lay, Joint, Bed (Class B), Test Pipeline complete with
C134: couplings for pipes of diameter:
C135: a. 110mm uPVC Class 34 | D135: m | E135: 0
A137: D5.1.1 | C137: b. 160mm uPVC Class 34 | D137: m | E137: 800
A139: D5.1.2 | C139: c. 200mm uPVC Class 34 | D139: m | E139: 870
A141: D5.1.3 | C141: d. 315mm uPVC Class 35 | D141: m | E141: 370
A143: D5.2 | B143: 8.2.2 | C143: Extra-over item F5.1 for supply, lay,joint,bed class B
C144: and test ….Specials
C146: a. 110mm roding eye 45° | D146: No. | E146: 0
C148: b. 45° bend | D148: No. | E148: 0
F150: Carried Forward | G150: =SUM(G83:G142) -> 0
A151: Item No | C151: Description | D151: Unit | E151: Quantity | F151: Rate | G151: Amount
F152: Brought Forward | G152: =G150 -> 0
A154: D5.2 | B154: 8.2.2 | C154: Extra-over item F5.1 for supply, lay,joint,bed class B
C155: and test ….Specials
...

Sheet SUMMARY
C2: A
A3: SUMMARY OF BILL OF QUANTITIES
A5: SECTION | B5: DESCRIPTION | C5: TOTAL AMOUNT | F5: =C13-C7 -> 0
A7: A | B7: SECTION A : GENERAL ITEMS
A8: B | B8: SECTION B : WATER RETICULATION | E8: 3200000 | F8: =E8-C8 -> 3200000
A9: C | B9: SECTION C : CONCRETE RESERVOIR | E9: 1500000
A10: D | B10: SECTION D: ELEVATED TANKS | E10: 2450000
A11: E | B11: SECTION E: SEWER DRAINAGE | E11: 3700445.5
E12: 1085044.6
B13: SUB-TOTAL | E13: =SUM(E7:E12) -> 11935490 | G13: =E13*10% -> 1193549
B14: VAT @ 15% | E14: =ROUND(E13*0.15,2) -> 1790323.5 | G14: =C13-E13 -> -11935490
B15: TOTAL CARRIED TO FORM OF OFFER | E15: =E13+E14 -> 13725814 | G15: =G14/2 -> -5967745
E17: =C15-E15 -> -13725814

Sheet Calculations
M5: l/d
L6: 892 | M6: 600 | N6: =L6*M6/1000 -> 535.2 | Q6: =N6/L6 -> 0.6
L7: =8+9 -> 17 | M7: 750 | N7: =L7*M7/1000 -> 12.75
G8: 0.4 | J8: 7.91 | K8: =J8*100*100 -> 79100 | L8: 9 | N8: =G8*K8/100 -> 316.4 | Q8: =N8/N7 -> 24.815686
N9: 15 | Q9: =L7*Q8 -> 421.86667
K10: =K8*G8 -> 31640
N11: =SUM(N6:N10) -> 879.35 | O11: kl/d
N13: =N11*1000 -> 879350 | O13: l/d | P13: 1000
I15: =L6-J15 -> 518 | J15: 374 | N15: =N13/P15 -> 36639.583 | O15: l/hr | P15: 24
I16: =L7-J16 -> 14 | J16: 3
N17: =N15/P17 -> 610.65972 | O17: l/min | P17: 60
N19: =N17/P19 -> 10.177662 | O19: l/sec | P19: 60
K24: 7736.72 | N24: =K24 -> 7736.72 | O24: kl/d
N26: =N24*1000 -> 7736720 | O26: l/d | P26: 1000
N28: =N26/P28 -> 322363.33 | O28: l/hr | P28: 24
N30: =N28/P30 -> 5372.7222 | O30: l/min | P30: 60
N32: =N30/P32 -> 89.54537 | O32: l/sec | P32: 60
K34: 43080 | L34: 926 | M34: =K34*L34 -> 39892080
M36: =M34*0.87 -> 34706110
M39: 11098386 | N39: =N43/1.15 -> 6956521.7 | O39: =M39-N39 -> 4141863.8
M41: =M39*15% -> 1664757.8 | N41: =N39*15% -> 1043478.3
M43: =M39+M41 -> 12763143 | N43: 8000000

Sheet Bulk Services Estimates
C4: DESCRIPTION | E4: TOTAL AMOUNT | H4: =E9/I9 -> 2214.7059
C5: Construction costs | H5: =E8/I8 -> 2500
C7: Bulk Sewer
C8: Construction of 2.5km of 250mm uPVC bulk gravity sewer line | E8: 6250000 | G8: 2500 | H8: =G8*I8 -> 6250000 | I8: 2500 | J8: m
C9: Construction of 2.8km of 200mm uPVC sewer rising mainline | D9: 6200000 | E9: 3765000 | G9: 2214.71 | H9: =G9*I9 -> 3765007 | I9: 1700 | J9: m
C10: Construction of 1 km of 450mm uPVC sewer rising mainline | D10: 6200000 | E10: =2700*1000*G10 -> 2700000 | F10: ok | G10: 1
C11: Construction of 1.8km of 450mm uPVC bulk gravity sewer line | E11: =2700*1800*G10 -> 4860000 | F11: ok | I11: 450 | J11: 2039 | K11: =J11*1.32 -> 2691.48
C12: Construction of 0.5ML Pump-station 01 @125m3/hr | D12: 4300000 | E12: 3800000 | F12: 4.3
C13: Construction of 0.25ML Pump-station 02 | D13: 4300000 | E13: 4300000
C14: Upgrading of Thistle groove pump station (Pump 3) | D14: 4300000 | E14: 2800000
C16: Sub-total A (Bulk sewer) | D16: =SUM(D8:D12) -> 16700000 | E16: =SUM(E8:E14) -> 28475000
C18: Bulk Water
C19: Construction of 1.6km of 200 uPVC bulk water from the reservoir to the development | D19: 3200000 | E19: 3200000
C20: Construction of 2 by 0.5ML Elevated steel tank | D20: 2450000 | E20: 2450000
C21: Cleaning and sealing of reservoir | E21: 1500000
C22: Sub-total B (Bulk water) | D22: =SUM(D18:D20) -> 5650000 | E22: =SUM(E18:E21) -> 7150000
C24: Access Road
C25: 200m access gravel road | D25: 1300000 | E25: 1300000
C26: R29 intersection upgrade (asphalt) | D26: 1650000 | E26: 2300000
C27: Sub-total C (Access) | D27: =SUM(D24:D26) -> 2950000 | E27: =SUM(E24:E26) -> 3600000
C29: SUB-TOTAL 1 CONSTRUCTION | D29: =D16+D22+D27 -> 25300000 | E29: =E16+E22+E27 -> 39225000
C30: Contigencies 10% | D30: 0.1 | E30: =E29*10% -> 3922500
C31: SUB-TOTAL 2 CONSTRUCTION | D31: =SUM(D29:D30) -> 25300000 | E31: =SUM(E29:E30) -> 43147500
C32: Vat | D32: 0.15 | E32: =E31*15% -> 6472125
C33: TOTAL CONSTRUCTION | D33: =D29+D32 -> 25300000 | E33: =E31+E32 -> 49619625
C35: Consulting Costs
C36: Professional fees | D36: =D29*12% -> 3036000 | E36: =E29*12% -> 4707000
C37: Construction monitoring | D37: 8 months | E37: =62000*8 -> 496000
C38: Survey and geotech | D38: 12000 | E38: 280000
C39: Disbursements | D39: 12000 | E39: 34000
C40: Social facilitator | D40: 8 months | E40: =8*20000 -> 160000
C41: OHS services | D41: 8 months | E41: =50000+8*20000 -> 210000
C42: Sub Total Consulting Cost | D42: =SUM(D36:D41) -> 3060000 | E42: =SUM(E36:E41) -> 5887000
C43: Vat | D43: 0.15 | E43: =E42*D43 -> 883050
C44: Total Consulting Cost | E44: =E42+E43 -> 6770050
C46: Grand Total Project Costs | E46: =E33+E44 -> 56389675
C53: 5380.62 | D53: 24
C54: =C53/D54 -> 224.1925 | D54: 24
C55: =C54/D55 -> 3.7365417 | D55: 60
C56: =C55/D56 -> 0.062275694 | D56: 60
C57: =C56*1000 -> 62.275694 | D57: 1000

Sheet BSE rev1
C4: DESCRIPTION | E4: TOTAL AMOUNT | H4: =E9/I9 -> 1367.9091
C5: Construction costs | H5: =E8/I8 -> 4600
C7: Bulk Sewer
C8: Construction of 4.6km of 250mm uPVC bulk gravity sewer line | E8: 11500000 | G8: 2500 | H8: =G8*I8 -> 6250000 | I8: 2500 | J8: m | K8: =1400+900+1000+750+550 -> 4600 | L8: =K8*G8 -> 11500000
C9: Construction of 1.05km of 200mm uPVC sewer rising mainline | D9: 6200000 | E9: 2325445.5 | G9: 2214.71 | H9: =G9*I9 -> 3765007 | I9: 1700 | J9: m | K9: 1050 | L9: =G9*K9 -> 2325445.5
C10: Construction of 1 km of 450mm uPVC sewer rising mainline | D10: 6200000 | E10: =2700*1000*G10 -> 2700000 | F10: ok | G10: 1
C11: Construction of 1.8km of 450mm uPVC bulk gravity sewer line | E11: =2700*1800*G10 -> 4860000 | F11: ok | I11: 450 | J11: 2039 | K11: =J11*1.32 -> 2691.48
C12: Construction of 0.5ML Pump-station 01 @125m3/hr | D12: 4300000 | E12: 3800000 | F12: 4.3
C13: Construction of 0.75ML Pump-station 02 | D13: 4300000 | E13: 4300000
C14: Upgrading of Thistle groove pump station (Pump 3) | D14: 4300000 | E14: 2800000
C16: Sub-total A (Bulk sewer) | D16: =SUM(D8:D12) -> 16700000 | E16: =SUM(E8:E14) -> 32285446
C18: Bulk Water
C19: Construction of 1.6km of 200 uPVC bulk water from the reservoir to the development | D19: 3200000 | E19: 3200000
C20: Construction of 2 by 0.5ML Elevated steel tank | D20: 2450000 | E20: 2450000
C21: Cleaning and sealing of reservoir | E21: 1500000
C22: Sub-total B (Bulk water) | D22: =SUM(D18:D20) -> 5650000 | E22: =SUM(E18:E21) -> 7150000
C24: Access Road
C25: 200m access gravel road | D25: 1300000 | E25: 1300000
C26: R29 intersection upgrade (asphalt) | D26: 1650000 | E26: 2300000
C27: Sub-total C (Access) | D27: =SUM(D24:D26) -> 2950000 | E27: =SUM(E24:E26) -> 3600000
C29: SUB-TOTAL 1 CONSTRUCTION | D29: =D16+D22+D27 -> 25300000 | E29: =E16+E22+E27 -> 43035446
C30: Contigencies 7.5% | D30: 0.1 | E30: =E29*7.5% -> 3227658.4
C31: SUB-TOTAL 2 CONSTRUCTION | D31: =SUM(D29:D30) -> 25300000 | E31: =SUM(E29:E30) -> 46263104
C32: Vat | D32: 0.15 | E32: =E31*15% -> 6939465.6
C33: TOTAL CONSTRUCTION | D33: =D29+D32 -> 25300000 | E33: =E31+E32 -> 53202569
C35: Consulting Costs
C36: Professional fees | D36: =D29*12% -> 3036000 | E36: =E29*11% -> 4733899
C37: Construction monitoring | D37: 8 months | E37: =62000*8 -> 496000
C38: Survey and geotech | D38: 12000 | E38: 250000
C39: Disbursements | D39: 12000 | E39: 34000
C40: Social facilitator | D40: 8 months | E40: =8*15000 -> 120000
C41: OHS services | D41: 8 months | E41: =50000+8*16000 -> 178000
C42: Sub Total Consulting Cost | D42: =SUM(D36:D41) -> 3060000 | E42: =SUM(E36:E41) -> 5811899
C43: Vat | D43: 0.15 | E43: =E42*D43 -> 871784.85
C44: Total Consulting Cost | E44: =E42+E43 -> 6683683.9
C46: Grand Total Project Costs | E46: =E33+E44 -> 59886253
E48: 42000000
E50: =E46-E48 -> 17886253
C53: 5380.62 | D53: 24
C54: =C53/D54 -> 224.1925 | D54: 24
C55: =C54/D55 -> 3.7365417 | D55: 60
C56: =C55/D56 -> 0.062275694 | D56: 60
C57: =C56*1000 -> 62.275694 | D57: 1000
E60: 1103.4
E62: =E60*1000 -> 1103400
E64: =E62/24/60/60 -> 12.770833

Sheet BSE rev2
C4: DESCRIPTION | E4: TOTAL AMOUNT | H4: =E9/I9 -> 1367.9091
C5: Construction costs | H5: =E8/I8 -> 4600
C7: Bulk Sewer
C8: Construction of 4.6km of 250mm uPVC bulk gravity sewer line | E8: 11500000 | G8: 2500 | H8: =G8*I8 -> 6250000 | I8: 2500 | J8: m | K8: =1400+900+1000+750+550 -> 4600 | L8: =K8*G8 -> 11500000
C9: Construction of 1.05km of 200mm uPVC sewer rising mainline | D9: 6200000 | E9: 2325445.5 | G9: 2214.71 | H9: =G9*I9 -> 3765007 | I9: 1700 | J9: m | K9: 1050 | L9: =G9*K9 -> 2325445.5
C10: Construction of 1 km of 450mm uPVC sewer rising mainline | D10: 6200000 | E10: =2700*1000*G10*G11 -> 0 | F10: ok | G10: 1 | H10: =2700*1000*G10 -> 2700000
C11: Construction of 1.8km of 450mm uPVC bulk gravity sewer line | E11: =2700*1800*G10*G11 -> 0 | F11: ok | H11: =2700*1800*G10 -> 4860000 | I11: 450 | J11: 2039 | K11: =J11*1.32 -> 2691.48
C12: Construction of 0.5ML Pump-station 01 @125m3/hr | D12: 4300000 | E12: 3800000 | F12: 4.3
C13: Construction of 0.75ML Pump-station 02 | D13: 4300000 | E13: 4300000
C14: Upgrading of Thistle groove pump station (Pump 3) | D14: 4300000 | E14: =H14 -> 2800000 | H14: 2800000
C16: Sub-total A (Bulk sewer) | D16: =SUM(D8:D12) -> 16700000 | E16: =SUM(E8:E14) -> 24725446
C18: Bulk Water
C19: Construction of 1.6km of 200 uPVC bulk water from the reservoir to the development | D19: 3200000 | E19: 3200000
C20: Construction of 1 ML Elevated steel tank | D20: 2450000 | E20: 2450000
C21: Cleaning and sealing of reservoir | E21: 1500000
C22: Sub-total B (Bulk water) | D22: =SUM(D18:D20) -> 5650000 | E22: =SUM(E18:E21) -> 7150000
C24: SUB-TOTAL 1 CONSTRUCTION | D24: =D16+D22+#REF! -> #REF! | E24: =E16+E22 -> 31875446
C25: Contigencies 10% | D25: 0.1 | E25: =E24*10% -> 3187544.6
C26: SUB-TOTAL 2 CONSTRUCTION | D26: =SUM(D24:D25) -> #REF! | E26: =SUM(E24:E25) -> 35062990
C27: Vat | D27: 0.15 | E27: =E26*15% -> 5259448.5
C28: TOTAL CONSTRUCTION | D28: =D24+D27 -> #REF! | E28: =E26+E27 -> 40322439 | G28: ='PH 01'!E24+'PH 02'!E25 -> 40322439
C30: Consulting Costs
C31: Professional fees | D31: =D24*12% -> #REF! | E31: =E24*11% -> 3506299 | G31: ='PH 01'!G27+'PH 02'!G28 -> 2769976.2
C32: Construction monitoring | D32: 8 months | E32: =62000*8 -> 496000 | G32: ='PH 01'!G28+'PH 02'!G29 -> 391840
C33: Survey and geotech | D33: 12000 | E33: 250000 | G33: ='PH 01'!G29+'PH 02'!G30 -> 197500
C34: Disbursements | D34: 12000 | E34: 34000 | G34: ='PH 01'!G30+'PH 02'!G31 -> 26860
C35: Social facilitator | D35: 8 months | E35: =8*15000 -> 120000 | G35: ='PH 01'!G31+'PH 02'!G32 -> 94800
C36: OHS services | D36: 8 months | E36: =50000+8*16000 -> 178000 | G36: ='PH 01'!G32+'PH 02'!G33 -> 140620
C37: Sub Total Consulting Cost | D37: =SUM(D31:D36) -> #REF! | E37: =SUM(E31:E36) -> 4584299 | G37: =SUM(G31:G36) -> 3621596.2
C38: Vat | D38: 0.15 | E38: =E37*D38 -> 687644.85 | G38: =G37*D38 -> 543239.43
C39: Total Consulting Cost | E39: =E37+E38 -> 5271943.9 | G39: =G37+G38 -> 4164835.6
C41: Grand Total Project Costs | E41: =E28+E39 -> 45594382 | G41: =G39 -> 4164835.6
E43: 42000000
E45: =E41-E43 -> 3594382.4
C48: 5380.62 | D48: 24
C49: =C48/D49 -> 224.1925 | D49: 24
C50: =C49/D50 -> 3.7365417 | D50: 60
C51: =C50/D51 -> 0.062275694 | D51: 60
C52: =C51*1000 -> 62.275694 | D52: 1000
E55: 1103.4
E57: =E55*1000 -> 1103400
E59: =E57/24/60/60 -> 12.770833

Sheet Sheet2
B1: Prodpix 212 & Nkolele Projects JV
B3: Construction of bulk infrastructure for the parliamentary village (DHS/195/19MP)
B5: List of stolen item
B7: Description | C7: Price
B8: 2 x First aid kit boxes | C8: =2*5000 -> 10000
B9: 3 x Employees bags that had personal belongings | C9: =3*1500 -> 4500
B10: 4 scanners for COVID-19 | C10: =4*1200 -> 4800
B11: Tripod stand | C11: 2500
B12: 4 X Hammer | C12: =4*75 -> 300
B13: 4 Masking tape | C13: =4*120 -> 480
B14: 6 x Fish lane | C14: 300
B15: 10 x Spade | C15: =10*200 -> 2000
B16: 3 x Rakes | C16: =3*250 -> 750
B17: 2 x Grinder | C17: =2*2100 -> 4200
B18: Jojo tank 2500L | C18: 4000
B19: 250L diesel | C19: =250*17 -> 4250
B20: 6.5KVA generator | C20: 35000
B21: 25 x pipes- 315 mm class 34 pipes | C21: =25*6*750 -> 112500
B22: dumpy level set | C22: 15500
B23: 2 x battery for the truck | C23: =2500*2 -> 5000
B24: 2 x battery for the two TLB | C24: =2540*4 -> 10160
B25: 2 x drilling Machine | C25: =4*4200 -> 16800
B26: 1 x laser machine | C26: 45000
B27: 2 x batteries for the excavator | C27: =3200*2 -> 6400
B28: 95 square mm 3 core armoured cable-30m | C28: 35000
B29: Tlb window | C29: 4450
B30: 1 x Container window | C30: 150
B31: 1x Mobile toilet | C31: 12500
B32: Total | C32: =SUM(C8:C31) -> 336540

Sheet PH 01
C4: PROPOSED PHASE 1 SCOPE OF WORKS | E4: TOTAL AMOUNT | H4: =E11/I11 -> 1367.9091
C5: Construction costs | H5: =E10/I10 -> 550
C7: 596 Water, Sewer,Roads & Stormwater Sites | E7: 26106695
C9: Bulk Sewer
C10: Construction of 0.55km of 250mm uPVC bulk gravity sewer line | E10: =550*G10 -> 1375000 | G10: 2500 | H10: =G10*I10 -> 6250000 | I10: 2500 | J10: m | K10: =1400+900+1000+750+550 -> 4600 | L10: =K10*G10 -> 11500000
C11: Construction of 1.05km of 200mm uPVC sewer rising mainline | D11: 6200000 | E11: 2325445.5 | G11: 2214.71 | H11: =G11*I11 -> 3765007 | I11: 1700 | J11: m | K11: 1050 | L11: =G11*K11 -> 2325445.5
C13: Sub-total A (Bulk sewer) | D13: =SUM(D10:D11) -> 6200000 | E13: =SUM(E10:E11) -> 3700445.5
C15: Bulk Water
C16: Construction of 1.6km of 200 uPVC bulk water from the reservoir to the development | D16: 3200000 | E16: 3200000
C17: Construction of 1 ML Elevated steel tank | D17: 2450000 | E17: 2450000
C18: Sub-total B (Bulk water) | D18: =SUM(D15:D17) -> 5650000 | E18: =SUM(E15:E17) -> 5650000
C20: Sub -total 1: construction of bulk services | D20: =D13+D18+#REF! -> #REF! | E20: =E13+E18 -> 9350445.5
C21: Contigencies 10% | D21: 0.1 | E21: =E20*10% -> 935044.55
C22: Sub-total 2:construction of bulk services including contigencies | D22: =SUM(D20:D21) -> #REF! | E22: =SUM(E20:E21) -> 10285490
C23: Vat | D23: 0.15 | E23: =E22*15% -> 1542823.5
C24: Total construction of bulk services | D24: =D20+D23 -> #REF! | E24: =E22+E23 -> 11828314 | G24: =E24/'BSE rev2'!G28 -> 0.29334321 | H24: 0.3
H25: =1-H24 -> 0.7
C26: Consulting Costs
C27: Professional fees | D27: =D20*12% -> #REF! | E27: =G27 -> 1051889.7 | G27: =I27*$H$24 -> 1051889.7 | H27: =I27*$H$25 -> 2454409.3 | I27: 3506299 | J27: =I27-G27-H27 -> 0
C28: Construction monitoring | E28: =G28 -> 148800 | G28: =I28*$H$24 -> 148800 | H28: =I28*$H$25 -> 347200 | I28: 496000 | J28: =I28-G28-H28 -> 0
C29: Survey and geotech | D29: 12000 | E29: =G29 -> 75000 | G29: =I29*$H$24 -> 75000 | H29: =I29*$H$25 -> 175000 | I29: 250000 | J29: =I29-G29-H29 -> 0
C30: Disbursements | D30: 12000 | E30: =G30 -> 10200 | G30: =I30*$H$24 -> 10200 | H30: =I30*$H$25 -> 23800 | I30: 34000 | J30: =I30-G30-H30 -> 0
C31: Social facilitator | E31: =G31 -> 36000 | G31: =I31*$H$24 -> 36000 | H31: =I31*$H$25 -> 84000 | I31: 120000 | J31: =I31-G31-H31 -> 0
C32: OHS services | E32: =G32 -> 53400 | G32: =I32*$H$24 -> 53400 | H32: =I32*$H$25 -> 124600 | I32: 178000 | J32: =I32-G32-H32 -> 0
C33: Sub Total Consulting Cost | D33: =SUM(D27:D32) -> #REF! | E33: =SUM(E27:E32) -> 1375289.7 | G33: =SUM(G27:G32) -> 1375289.7 | H33: =SUM(H27:H32) -> 3209009.3 | I33: =SUM(I27:I32) -> 4584299 | J33: =I33-G33-H33 -> 0
C34: Vat | D34: 0.15 | E34: =E33*D34 -> 206293.46 | G34: =G33*D34 -> 206293.46 | H34: =H33*D34 -> 481351.4 | I34: =I33*D34 -> 687644.85 | J34: =I34-G34-H34 -> 0
C35: Total Consulting Cost | E35: =E33+E34 -> 1581583.2 | G35: =G33+G34 -> 1581583.2 | H35: =H33+H34 -> 3690360.7 | I35: =I33+I34 -> 5271943.9 | J35: =I35-G35-H35 -> 0
J36: =I36-G36-H36 -> 0
C37: Grand Total Project Costs | E37: =E24+E35+E7 -> 39516592 | G37: =G35 -> 1581583.2 | H37: =H35 -> 3690360.7 | I37: =I35 -> 5271943.9 | J37: =I37-G37-H37 -> 0
E39: 42000000
E41: =E37-E39 -> -2483408
C44: 5380.62 | D44: 24
C45: =C44/D45 -> 224.1925 | D45: 24
C46: =C45/D46 -> 3.7365417 | D46: 60
C47: =C46/D47 -> 0.062275694 | D47: 60
C48: =C47*1000 -> 62.275694 | D48: 1000
E51: 1103.4
E53: =E51*1000 -> 1103400
E55: =E53/24/60/60 -> 12.770833

Sheet PH 02
C4: PROPOSED PHASE 2 SCOPE OF WORKS | E4: TOTAL AMOUNT | H4: =#REF!/#REF! -> #REF!
C5: Construction costs | H5: =E10/I10 -> 4050
C7: 157 Water, Sewer,Roads & Stormwater Sites | E7: 6877099.3
C9: Bulk Sewer
C10: Construction of 4.05km of 250mm uPVC bulk gravity sewer line | E10: =G10*4050 -> 10125000 | G10: 2500 | H10: =G10*I10 -> 6250000 | I10: 2500 | J10: m | K10: =1400+900+1000+750+550 -> 4600 | L10: =K10*G10 -> 11500000
C11: Construction of 0.5ML Pump-station 01 @125m3/hr | D11: 4300000 | E11: 3800000 | F11: 4.3
C12: Construction of 0.75ML Pump-station 02 | D12: 4300000 | E12: 4300000
C13: Upgrading of Thistle groove pump station (Pump 3) | D13: 4300000 | E13: =H13 -> 2800000 | H13: 2800000
C15: Sub-total A (Bulk sewer) | D15: =SUM(D10:D11) -> 4300000 | E15: =SUM(E10:E13) -> 21025000
C17: Bulk Water
C18: Cleaning and sealing of reservoir | E18: 1500000
C19: Sub-total B (Bulk water) | D19: =SUM(D17:D17) -> 0 | E19: =SUM(E17:E18) -> 1500000
C21: Sub -total 1: construction of bulk services | D21: =D14+D19+#REF! -> #REF! | E21: =E15+E19 -> 22525000
C22: Contigencies 10% | D22: 0.1 | E22: =E21*10% -> 2252500
C23: Sub-total 2:construction of bulk services including contigencies | D23: =SUM(D21:D22) -> #REF! | E23: =SUM(E21:E22) -> 24777500
C24: Vat | D24: 0.15 | E24: =E23*15% -> 3716625
C25: Total construction of bulk services | D25: =D21+D24 -> #REF! | E25: =E23+E24 -> 28494125 | G25: =E25/'BSE rev2'!G29 -> #DIV/0! | H25: 0.7
C27: Consulting Costs
C28: Professional fees | D28: =D21*12% -> #REF! | E28: ='PH 01'!H27 -> 2454409.3 | G28: =E28*$H$25 -> 1718086.5
C29: Construction monitoring | E29: ='PH 01'!H28 -> 347200 | G29: =E29*$H$25 -> 243040
C30: Survey and geotech | D30: 12000 | E30: ='PH 01'!H29 -> 175000 | G30: =E30*$H$25 -> 122500
C31: Disbursements | D31: 12000 | E31: ='PH 01'!H30 -> 23800 | G31: =E31*$H$25 -> 16660
C32: Social facilitator | E32: ='PH 01'!H31 -> 84000 | G32: =E32*$H$25 -> 58800
C33: OHS services | E33: ='PH 01'!H32 -> 124600 | G33: =E33*$H$25 -> 87220
C34: Sub Total Consulting Cost | D34: =SUM(D28:D33) -> #REF! | E34: =SUM(E28:E33) -> 3209009.3 | G34: =SUM(G28:G33) -> 2246306.5
C35: Vat | D35: 0.15 | E35: =E34*D35 -> 481351.4 | G35: =G34*D35 -> 336945.98
C36: Total Consulting Cost | E36: =E34+E35 -> 3690360.7 | G36: =G34+G35 -> 2583252.5
C38: Grand Total Project Costs | E38: =E25+E36+E7 -> 39061585 | G38: =G36 -> 2583252.5
E40: 42000000
E42: =E38-E40 -> -2938415
C45: 5380.62 | D45: 24
C46: =C45/D46 -> 224.1925 | D46: 24
C47: =C46/D47 -> 3.7365417 | D47: 60
C48: =C47/D48 -> 0.062275694 | D48: 60
C49: =C48*1000 -> 62.275694 | D49: 1000
E52: 1103.4
E54: =E52*1000 -> 1103400
E56: =E54/24/60/60 -> 12.770833

Sheet PH 03
C4: PROPOSED PHASE 3 SCOPE OF WORKS | D4: TOTAL AMOUNT | G4: =#REF!/#REF! -> #REF!
C5: Construction costs | G5: =#REF!/#REF! -> #REF!
C7: 736 Water, Sewer,Roads & Stormwater Sites | D7: 32239140
C9: Vat | D9: =#REF!*#REF! -> #REF!
C10: Total Consulting Cost | D10: =#REF!+D9 -> #REF!
C12: Grand Total Project Costs | D12: =D7 -> 32239140
D14: 42000000
D16: =D12-D14 -> -9760859.5
C19: 5380.62
C20: =C19/#REF! -> #REF!
C21: =C20/#REF! -> #REF!
C22: =C21/#REF! -> #REF!
C23: =C22*1000 -> #REF!
D26: 1103.4
D28: =D26*1000 -> 1103400
D30: =D28/24/60/60 -> 12.770833

Sheet SM 00
E16: Total Construction Costs
E17: Description | F17: Sites Costs | G17: Bulk Services Costs | I17: Total
G18: Prof Fees | H18: Construction Costs
E19: Phase 01 | F19: 26106695 | G19: ='PH 01'!G37 -> 1581583.2 | H19: ='PH 01'!E24 -> 11828314 | I19: =F19+G19+H19 -> 39516592
E20: Phase 02 | F20: 6877099.3 | G20: ='PH 02'!E36 -> 3690360.7 | H20: ='PH 02'!E25 -> 28494125 | I20: =F20+G20+H20 -> 39061585
E21: Phase 03 | F21: 32239140 | G21: 0 | H21: 0 | I21: =F21+G21+H21 -> 32239140
E22: Grand Total | F22: =F19+F20+F21 -> 65222935 | G22: =G19+G20+G21 -> 5271943.9 | H22: =H19+H20+H21 -> 40322439 | I22: =I19+I20+I21 -> 1.1081732e+08
G26: ='BSE rev2'!E39 -> 5271943.9
I27: 250000
I28: 600
I30: =I27*I28 -> 150000000
